 Dungeon Crawl Stone Soup version 0.26.0-16-gc1dbca0489 (webtiles) character file.

Game seed: 7286693358160010839

637 teolandon225 the Covert (level 7, -2/32 HPs)
             Began as a Spriggan Enchanter on Jan 21, 2021.
             Slain by Menkaure (19 damage)
             ... on level 4 of the Dungeon.
             The game lasted 00:08:49 (6461 turns).

teolandon225 the Covert (Spriggan Enchanter)        Turns: 6461, Time: 00:08:49

Health: -2/32      AC:  2    Str:  4    XL:     7   Next: 25%
Magic:  9/12       EV: 21    Int: 19    God:
Gold:   79         SH:  0    Dex: 16    Spells: 2/11 levels left

rFire    . . .     SeeInvis +   a - +2 dagger
rCold    . . .     Faith    .   (shield restricted)
rNeg     . . .     Spirit   .   q - +0 robe {Will+}
rPois    .         Reflect  .   (helmet restricted)
rElec    .         Harm     .   (no cloak)
rCorr    .         Rampage  .   (gloves unavailable)
Will     ++...                  (boots unavailable)
Stlth    ++++......             j - amulet of the acrobat
HPRegen  0.10/turn              g - ring of flight
MPRegen  0.13/turn              (no ring)

@: confusing touch, very quick
A: very small, unfitting armour, see invisible, speed 3
a: Evoke Flight


You were on level 4 of the Dungeon.
You visited 2 branches of the dungeon, and saw 5 of its levels.

You collected 139 gold pieces.
You spent 60 gold pieces at shops.

Inventory:

Hand Weapons
 a - a +2 dagger (weapon)
Armour
 b - a +0 robe
 q - a +0 robe of willpower (worn)
Jewellery
 g - a ring of flight (left hand)
 j - an amulet of the acrobat (around neck)
Wands
 l - a wand of flame (12)
 t - a wand of polymorph (5)
Scrolls
 c - a scroll of fear {unknown}
 f - 2 scrolls of remove curse
 h - 3 scrolls of teleportation
Potions
 d - a potion of berserk rage
 e - a potion of invisibility
 i - 3 potions of heal wounds
 k - a potion of magic {unknown}
 m - a potion of ambrosia {unknown}
 n - a potion of flight {unknown}
 o - 2 potions of curing
 p - a potion of haste {unknown}
 r - 3 potions of attraction
 s - a potion of might


   Skills:
 - Level 1.1 Short Blades
 + Level 5.8 Dodging
 * Level 8.9 Stealth
 - Level 2.6 Spellcasting
 * Level 7.0 Hexes


You had 2 spell levels left.
You knew the following spells:

 Your Spells              Type           Power        Failure   Level
e - Tukima's Dance        Hex            29%          2%          3
q - Ensorcelled Hibernat  Hex/Ice        30%          5%          2
r - Corona                Hex            32%          1%          1
w - Confusing Touch       Hex            29%          2%          3

Your spell library contained the following spells:

 Spells                   Type           Power        Failure   Level
 Dazzling Flash           Conj/Hex       30%          11%         3


Dungeon Overview and Level Annotations

Branches:
Dungeon (4/15)             Temple (1/1) D:4

Altars:
Ashenzari
Cheibriados
Elyvilon
Fedhas
Hepliaklqana
Kikubaaqudgha
Nemelex Xobeh
Okawaru
Qazlal
Ru
Sif Muna
Trog
Uskayaw
Wu Jian
Xom
Yredelemnul
Zin
The Shining One

Shops:
D:4 *

Annotations:
D:1 exclusion: downstairs
D:3 exclusion: downstairs
D:4 Menkaure


Innate Abilities, Weirdness & Mutations

You are very small and have problems with some larger weapons.
You are too small for most types of armour.
You have supernaturally acute eyesight. (SInv)
You cover ground extremely quickly.


Message History

You impale the frilled lizard!!
You kill the frilled lizard!
Menkaure is nearby!
Menkaure is nearby!
Menkaure is nearby!
Menkaure shouts!
Menkaure points at you and mumbles some strange words.
You resist with almost no effort.
Casting: Confusing Touch (dangerous; 2% risk of failure)
Confirm with . or Enter, or press ? or * to list all spells.
Casting: Confusing Touch (dangerous; 2% risk of failure)
Press: ? - help, Dir - look around, f - activate Your hands begin to glow red.
Menkaure mumbles some strange words.
Menkaure seems to speed up.
Menkaure completely misses you.
You hit Menkaure but do no damage. Menkaure hits you!
You hit Menkaure but do no damage. Menkaure hits you!!
Ouch! That really hurt!
You die...

##.##.....# #..#
##.#.#.#.#.# #..#
#.###....#.# #..# #.
##[#.#.###.# #..# #.#
##.##.†...# #..# #.#
#.######## #..#
#.######..######## #..######
#.##.............# #.†......
#####..........M@#.#.##
#.#######
.........####.#.......# #.#
......<....##.#..#.#..###.#
......####.#>.#.......#...##
......# #.#.##..#.##......#
......# #.#.##....##...##.#
#.....# #...............#.##
##.####
#...##.............#### ##.#
#.#.##..##.##...##.....


You could see Menkaure (fast).

Vanquished Creatures
  Sigmund (D:3)
  An ogre (D:4)
  A bullfrog skeleton (D:4)
  A hound (D:4)
  A gnoll shaman (D:2)
  Jessica (D:3)
  Ijyb (D:4)
  A worker ant (D:4)
  5 gnolls
  7 adders
  An adder skeleton (D:4)
  3 worms
  3 dart slugs (D:1)
  3 leopard geckos
  6 orcs (D:3)
  4 ball pythons
  3 giant cockroaches
  6 goblins
  9 hobgoblins
  7 jackals
  9 kobolds
  2 quokkas (D:2)
  12 bats
  7 frilled lizards
  7 rats
102 creatures vanquished.

Notes
Turn   | Place    | Note
-------+----------+-------------------------------------------
     0 | D:1      | teolandon225 the Spriggan Enchanter began the quest for the
                  | Orb.
     0 | D:1      | Reached XP level 1. HP: 9/9 MP: 5/5
    31 | D:1      | You fall into a shaft and drop 1 floor!
    33 | D:2      | Reached XP level 2. HP: 13/13 MP: 6/6
   191 | D:1      | Reached skill level 5 in Stealth
   387 | D:1      | Learned a level 2 spell: Ensorcelled Hibernation
   796 | D:1      | Reached XP level 3. HP: 16/16 MP: 8/8
  1958 | D:1      | Reached skill level 6 in Stealth
  1958 | D:1      | Reached XP level 4. HP: 6/21 MP: 4/9
  2492 | D:2      | Reached skill level 5 in Hexes
  3209 | D:2      | Reached XP level 5. HP: 17/24 MP: 5/10
  4401 | D:3      | Reached skill level 7 in Stealth
  4517 | D:3      | Noticed Sigmund
  4529 | D:3      | Killed Sigmund
  4530 | D:3      | Reached skill level 5 in Dodging
  4530 | D:3      | Reached XP level 6. HP: 21/28 MP: 3/11
  4807 | D:3      | Noticed Jessica
  4810 | D:3      | Killed Jessica
  4811 | D:3      | Reached skill level 8 in Stealth
  5040 | D:3      | Found an ornate altar of the Wu Jian Council.
  5352 | D:4      | Found Mukhled's General Store.
  5374 | D:4      | Bought a scroll of identify for 24 gold pieces
  5374 | D:4      | Bought a scroll of remove curse for 36 gold pieces
  5380 | D:4      | Found a staircase to the Ecumenical Temple.
  5414 | Temple   | Entered the Ecumenical Temple
  5868 | D:4      | Reached XP level 7. HP: 32/32 MP: 9/12
  5953 | D:4      | Noticed Menkaure
  6256 | D:3      | Learned a level 3 spell: Confusing Touch
  6260 | D:3      | Learned a level 3 spell: Tukima's Dance
  6287 | D:4      | Noticed Ijyb
  6290 | D:4      | Killed Ijyb
  6383 | D:4      | Found an iron altar of Okawaru.
  6461 | D:4      | Slain by Menkaure

Illustrated notes

Levels and vault maps discovered:
D:1:      doesnt_arrival_eight_statues, layout_loops_ring,
          minmay_misc_feat_cross
D:2:      layout_rooms, glass_columns_a
D:3:      minmay_recursive_quarters, layout_rooms,
          pdpol_wu_jian_five_deadly_venoms, dk_noncrumbling_2, minivault_11,
          uniq_jessica, uniq_sigmund
D:4:      layout_loops_ring, old_standard_altar,
          minmay_temple_entry_stoned_glass, serial_shops, shop, uniq_ijyb,
          uniq_robin, uniq_grinder, uniq_menkaure
Temple:   kb_temple_of_zot

Skill      XL: |  1  2  3  4  5  6  7 |
---------------+----------------------+-----
Hexes          | 4 5 6 7 |  7.0
Stealth        | 5 6 7 8 |  8.9
Dodging        | 4 5 |  5.8
Short Blades   | |  1.1
Spellcasting   | |  2.6

Action                   |  1- 3 |  4- 6 |  7- 9 || total
-------------------------+-------+-------+-------++-------
Melee: Dagger            |    88 |   115 |    25 ||   228
 Cast: Corona            |     2 |       |       ||     2
       Ensorcelled Hiber |    36 |    85 |     7 ||   128
       Confusing Touch   |       |       |     2 ||     2
  Use: Scroll            |       |     6 |     5 ||    11
 Stab: Sleeping          |    29 |    42 |     8 ||    79
       Distracted        |     1 |       |       ||     1
       Confused          |       |       |     2 ||     2
Armor: Robe              |    11 |     8 |       ||    19
Dodge: Dodged            |    80 |   111 |    18 ||   209
